 Dungeon Crawl Stone Soup version 0.19-a0-1251-gd6e46da (webtiles) character file.

328 PurpleRed the Conjurer (level 6, -5/32 HPs)
             Began as a Deep Elf Conjurer on Aug 27, 2016.
             Slain by an ogre
             ... wielding a +0 giant club
              (15 damage)
             ... on level 4 of the Dungeon.
             The game lasted 00:11:34 (1115 turns).

PurpleRed the Conjurer (Deep Elf Conjurer)          Turns: 1115, Time: 00:11:35

Health: -5/32      AC:  2    Str:  2    XL:     6   Next: 25%
Magic:  10/16      EV: 13    Int: 22    God:
Gold:   142        SH:  0    Dex: 15    Spells: 4 memorised, 3 levels left

rFire  . . .     SeeInvis .     h - +0 whip
rCold  . . .     Gourm    .     a - +0 robe
rNeg   . . .     Faith    .     (no shield)
rPois  .         Spirit   .     (no helmet)
rElec  .         Dismiss  .     (no cloak)
rCorr  .         Reflect  .     (no gloves)
MR     .....     Harm     .     (no boots)
Stlth  ++........               (no amulet)
                                (no ring)
                                l - -3 ring of strength (curse)

@: no status effects
A: no striking features
a: no special abilities


You were on level 4 of the Dungeon.
You were hungry.

You visited 1 branch of the dungeon, and saw 7 of its levels.

You collected 142 gold pieces.

Inventory:

Hand Weapons
 h - a +0 whip (weapon)
 j - a +0 war axe
Armour
 a - a +0 robe (worn)
 d - a +1 ring mail of fire resistance
Jewellery
 l - a cursed -3 ring of strength (left hand)
Scrolls
 i - 2 scrolls of remove curse
Potions
 e - a potion of mutation {unknown}
 f - 2 potions of curing
 g - a potion of lignification {unknown}
Books
 b - a book of Conjurations

   Spells                             Type                      Level
   a - Magic Dart                     Conjuration                  1
   b - Searing Ray                    Conjuration                  2
   c - Dazzling Spray                 Conjuration/Hexes            3
   d - Fulminant Prism                Conjuration/Hexes            4
   e - Iskenderun's Mystic Blast      Conjuration                  4
   f - Iskenderun's Battlesphere      Conjuration/Charms           5
Comestibles
 c - a bread ration
 k - a meat ration


   Skills:
 - Level 2.4 Dodging
 - Level 2.4 Stealth
 + Level 5.3 Spellcasting
 * Level 7.3 Conjurations
 + Level 1.3 Charms


You had 3 spell levels left.
You knew the following spells:

 Your Spells              Type           Power        Failure   Level  Hunger
a - Magic Dart            Conj           ####         1%          1    None
b - Searing Ray           Conj           #####.       1%          2    None
c - Iskenderun's Mystic   Conj           #####...     6%          4    ####...
d - Iskenderun's Battles  Conj/Chrm      ###.....     50%         5    #####..


Dungeon Overview and Level Annotations

Branches:
Dungeon (7/15)
 Temple: D:4-7

Altars:
Cheibriados
Elyvilon
Hepliaklqana
Qazlal
Yredelemnul

Annotations:
D:2 Natasha
D:4 Dowan, Duvessa


Message History

An ogre comes into view. It is wielding a giant club.
Casting: Searing Ray
Confirm with . or Enter, or press ? or * to list all spells.
Okay, then.
Found a white potion.
The ogre shouts!
Casting: Searing Ray
Confirm with . or Enter, or press ? or * to list all spells.
Aiming: Searing Ray
Press: ? - help, Shift-Dir - straight line, f - ogre
Aim: an ogre, wielding a giant club The searing ray misses the ogre.
The searing ray hits the ogre.
The ogre is lightly wounded.
The searing ray misses the ogre.
A scorpion comes into view.
The searing ray hits the ogre.
The ogre is severely wounded.
You finish channeling your searing ray.
The ogre hits you with a giant club!
You die...

..##.....##....######.#
#.....⌠P.P#.#......#
###..P......#..###..#
##_._._#......# # #
#P#P#P#......## .##.#
#..........#...##....#
#....................#
#######....##......#
#...####@###... #.###
#O# ...# #.# ....
#.....# #.# #.........#
###..........
.....s!...#
........##.# ###.....##
#


You could see an ogre and a scorpion.

Vanquished Creatures
  A scorpion (D:4)
  A crimson imp (D:5)
  An orc priest (D:3)
  2 iguanas
  Natasha (D:2)
  3 worker ants
  The ghost of PurpleRed the Conjurer, a weakling DECj (D:4)
  An adder (D:6)
  A worm (D:3)
  A giant gecko (D:6)
  2 orcs (D:3)
  2 giant cockroaches
  2 goblins
  4 hobgoblins
  2 jackals (D:2)
  3 kobolds
  2 quokkas (D:4)
  2 ball pythons (D:2)
  3 bats
  4 giant newts
  2 rats
41 creatures vanquished.

Notes
Turn   | Place    | Note
-------+----------+-------------------------------------------
     0 | D:1      | PurpleRed the Deep Elf Conjurer began the quest for the Orb.
     0 | D:1      | Reached XP level 1. HP: 10/10 MP: 6/6
    76 | D:2      | Noticed Natasha
   206 | D:2      | Reached XP level 2. HP: 15/15 MP: 6/8
   212 | D:2      | Learned a level 2 spell: Searing Ray
   268 | D:2      | Reached skill level 5 in Conjurations
   302 | D:3      | Found a white marble altar of Elyvilon.
   360 | D:2      | Killed Natasha
   360 | D:2      | Reached XP level 3. HP: 10/19 MP: 2/10
   378 | D:2      | Noticed Natasha
   407 | D:4      | Noticed a scorpion
   420 | D:4      | Found a stormy altar of Qazlal.
   532 | D:3      | Reached XP level 4. HP: 16/24 MP: 6/12
   555 | D:4      | Reached skill level 6 in Conjurations
   561 | D:4      | Learned a level 4 spell: Iskenderun's Mystic Blast
   582 | D:4      | Noticed Duvessa
   582 | D:4      | Noticed Dowan
   640 | D:4      | Noticed PurpleRed's ghost (weakling DECj)
   657 | D:4      | Killed PurpleRed's ghost
   694 | D:5      | Entered Level 5 of the Dungeon
   716 | D:5      | Noticed an ice beast
   721 | D:5      | Reached XP level 5. HP: 22/28 MP: 4/13
   929 | D:5      | Reached skill level 5 in Spellcasting
   929 | D:5      | Reached skill level 7 in Conjurations
   936 | D:5      | Learned a level 5 spell: Iskenderun's Battlesphere
   952 | D:4      | Found a hazy altar of Hepliaklqana.
   952 | D:4      | Found a snail-covered altar of Cheibriados.
   952 | D:4      | Found a basalt altar of Yredelemnul.
   960 | D:4      | Reached skill level 1 in Charms
   960 | D:4      | Reached XP level 6. HP: 7/32 MP: 2/15
  1115 | D:4      | Slain by an ogre

Vault maps used:
D:1:      lightli_arrival_quake
D:2:      uniq_natasha
D:3:      lemuel_round_altar, first_bread, uniq_terence
D:4:      grunt_qazlal_clouds, gammafunk_temple_overflow_forgotten,
          nicolae_ru_awakened_eye, uniq_duvessa
D:5:      serial_bayou_pond_c
D:7:      basic_altar, lemuel_tele_altar, uniq_crazy_yiuf_cottage

Skill      XL: |  1  2  3  4  5 |
---------------+----------------+-----
Conjurations   | 5 6 7 |  7.3
Spellcasting   | 4 5 |  5.3
Charms         | 1 |  1.3
Dodging        | |  2.4
Stealth        | |  2.4

Action                   |  1- 3 |  4- 6 || total
-------------------------+-------+-------++-------
Melee: Unarmed           |     4 |       ||     4
       Whip              |     4 |     7 ||    11
 Cast: Magic Dart        |    36 |    14 ||    50
       Searing Ray       |     4 |    14 ||    18
  Use: Scroll            |       |     8 ||     8
Armor: Robe              |     6 |     2 ||     8
Dodge: Dodged            |    22 |    18 ||    40
